 Dungeon Crawl Stone Soup version 0.32-a0-932-g546787307d (webtiles) character file.

Game seed: 2546428013443283050

1761749 Ajdolov the Cryomancer (level 24, 224/224 HPs)
             Began as an Armataur Ice Elementalist on Apr 14, 2024.
             Was the Champion of Vehumet.
             Escaped with the Orb
             ... and 3 runes
             ... and 1 gem!
             The game lasted 03:28:41 (65366 turns).

Ajdolov the Cryomancer (Armataur Ice Elementalist) Turns: 65366, Time: 03:28:42

Health: 224/224    AC: 22    Str: 12    XL:     24   Next: 74%
Magic:  43/43      EV: 13    Int: 30    God:    Vehumet [******]
Gold:   940        SH: 10    Dex: 20    Spells: 19/56 levels left

rFire   + + .        a - +3 Elemental Staff {ele, rElec rF+ rC+ AC+3}
rCold   + + .        g - +2 buckler {AC+3}
rNeg    + . .        j - +1 robe of Midsummer {+Blink Will- SInv Archmagi}
rPois   +            H - -2 hat of the Alchemist {rElec rPois rF+ rC+ rN+ Will+ rMut rCorr}
rElec   +            J - +2 cloak
rCorr   +            X - +2 pair of gloves
SInv    +            (no barding)
Will    +++++        y - amulet of magic regeneration Stlth
                     A - ring of Dacuynam {Will+ rCorr AC+4 Stlth-}
HPRegen 0.57/turn    Q - ring "Rakluif" {Will+++ Int+6 Dex+6 Stlth-}
MPRegen 0.68/turn

%: resist mutation, roll, archmagi
@: studying 2 skills
A: large, deformed body, tough skin 3, armoured tail, rollpage 2, weak 1
0: Orb of Zot
}: 3/15 runes: decaying, slimy, gossamer
a: Renounce Religion, Evoke Blink


You escaped.
You worshipped Vehumet.
Vehumet was exalted by your worship.
You visited 10 branches of the dungeon, and saw 51 of its levels.
You visited 1 bazaar.
You also visited: Desolation.

You collected 6283 gold pieces.
You spent 5343 gold pieces at shops.

Inventory:

Hand Weapons
 a - the +3 Elemental Staff (weapon) {ele, rElec rF+ rC+ AC+3}
   (You acquired it on level 4 of the Vaults)

   AC+3:      It affects your AC (+3).
   rF+:       It protects you from fire.
   rC+:       It protects you from cold.
   rElec:     It insulates you from electricity.
 b - a +9 demon trident of freezing
Missiles
 u - 11 curare-tipped darts
 O - 2 throwing nets
Armour
 g - a +2 buckler of protection (worn)
 j - the +1 robe of Midsummer (worn) {+Blink Will- SInv Archmagi}
   (You found it on level 2 of the Spider Nest)

   Will-:     It decreases your willpower.
   SInv:      It lets you see invisible.
   +Blink:    It lets you blink.
   Archmagi:  It increases the power of your magical spells.
 H - the -2 hat of the Alchemist (worn) {rElec rPois rF+ rC+ rN+ Will+ rMut rCorr}
   (You found it on level 5 of the Lair of Beasts)

   rF+:       It protects you from fire.
   rC+:       It protects you from cold.
   rElec:     It insulates you from electricity.
   rPois:     It protects you from poison.
   rN+:       It protects you from negative energy.
   Will+:     It increases your willpower.
   rCorr:     It protects you from acid and corrosion.
   rMut:      It protects you from mutation.
 J - a +2 cloak (worn)
 X - a +2 pair of gloves (worn)
Jewellery
 i - a ring of magical power
 n - a ring of flight
 t - a ring of wizardry
 y - an amulet of magic regeneration (around neck)
 A - the ring of Dacuynam (left hand) {Will+ rCorr AC+4 Stlth-}
   (You found it in the Desolation of Salt)

   [ring of protection]

   AC+4:      It affects your AC (+4).
   Will+:     It increases your willpower.
   rCorr:     It protects you from acid and corrosion.
   Stlth-:    It makes you less stealthy.
 Q - the ring "Rakluif" (right hand) {Will+++ Int+6 Dex+6 Stlth-}
   (You bought it in a shop on level 8 of the Dungeon)

   [ring of intelligence]

   Int+6:     It affects your intelligence (+6).
   Dex+6:     It affects your dexterity (+6).
   Will+++:   It greatly increases your willpower.
   Stlth-:    It makes you less stealthy.
 S - a ring of resist corrosion
Wands
 q - a wand of roots (40)
 r - a wand of flame (33)
 w - a wand of polymorph (5)
 z - a wand of digging (27)
 E - a wand of charming (45)
 K - a wand of mindburst (24)
 W - a wand of quicksilver (33)
Scrolls
 c - 7 scrolls of immolation
 e - a scroll of revelation
 f - 9 scrolls of teleportation
 h - a scroll of blinking
 k - 21 scrolls of identify
 s - 6 scrolls of enchant armour
 D - 9 scrolls of fear
 F - 2 scrolls of torment
 I - 7 scrolls of poison
 L - 4 scrolls of vulnerability
 M - 9 scrolls of fog
 Z - 6 scrolls of amnesia
Potions
 d - 21 potions of curing
 l - 7 potions of heal wounds
 m - 13 potions of mutation
 o - 2 potions of invisibility
 p - 4 potions of haste
 x - 5 potions of brilliance
 B - 6 potions of lignification
 G - 3 potions of magic
 P - 2 potions of resistance
 R - a potion of cancellation
 U - 9 potions of ambrosia
 V - 8 potions of attraction
 Y - 6 potions of enlightenment
Miscellaneous
 v - a phantom mirror
 C - a phial of floods (inert)
 N - a lightning rod (4/4)
 T - a sack of spiders


   Skills:
 - Level 20.0 Fighting
 - Level 20.0 Armour
 - Level 8.0 Dodging
 - Level 2.1 Stealth
 - Level 12.0 Shields
 + Level 16.8 Spellcasting
 - Level 10.0 Conjurations
 - Level 22.0 Ice Magic
 - Level 10.0 Earth Magic
 - Level 5.0 Alchemy
 - Level 15.0 Evocations


You had 19 spell levels left.
You knew the following spells:

 Your Spells              Type           Power      Damage    Failure   Level
a - Freeze                Ice            100%       1d10      0%          1
b - Frozen Ramparts       Ice            100%       1d16      0%          3
c - Ozocubu's Armour      Ice            100%       N/A       0%          3
d - Summon Ice Beast      Ice/Summ       100%       N/A       1%          3
e - Irradiate             Conj/Alch      40%        3d25      1%          5
f - Permafrost Eruption   Ice/Erth       79%        2x4d17    1%          6
g - Ozocubu's Refrigerat  Ice            75%        4d24      1%          7
h - Polar Vortex          Ice            75%        12d10*    7%          9

Your spell library contained the following spells:

 Spells                   Type           Power      Damage    Failure   Level
 Orb of Destruction       Conj           45%        9d12      9%          7
 Hailstorm                Conj/Ice       100%       3d16      0%          3
 Foxfire                  Conj/Fire      100%       2x1d9     1%          1
 Kiss of Death            Conj/Necr      100%       2d13      1%          1
 Magic Dart               Conj           100%       1d8       1%          1
 Sandblast                Erth           100%       2d20      1%          1
 Shock                    Conj/Air       100%       1d9       1%          1
 Sting                    Conj/Alch      100%       1d9       1%          1
 Cigotuvi's Dreadful Rot  Necr/Alch/Air  100%       N/A       1%          2
 Ensorcelled Hibernation  Hex/Ice        100%       N/A       1%          2
 Mercury Vapours          Alch/Air       100%       N/A       1%          2
 Momentum Strike          Conj/Tloc      100%       3d10      1%          2
 Searing Ray              Conj           100%       2d8       1%          2
 Static Discharge         Conj/Air       100%       3-8/arc   1%          2
 Inner Flame              Hex/Fire       54%        N/A       1%          3
 Mephitic Cloud           Conj/Alch/Air  90%        N/A       1%          3
 Passwall                 Erth           100%       N/A       1%          3
 Brom's Barrelling Bould  Conj/Erth      100%       2d11      1%          4
 Fulminant Prism          Conj/Alch      40%        3d19      1%          4
 Iskenderun's Mystic Bla  Conj/Tloc      70%        2d14      (+2d81%     4
 Leda's Liquefaction      Alch/Erth      51%        N/A       1%          4
 Olgreb's Toxic Radiance  Alch           70%        N/A       1%          4
 Petrify                  Alch/Erth      100%       N/A       1%          4
 Freezing Cloud           Conj/Ice/Air   70%        6-21      1%          5
 Metabolic Englaciation   Hex/Ice        58%        N/A       1%          5
 Sculpt Simulacrum        Ice/Alch       63%        N/A       1%          6
 Apportation              Tloc           74%        N/A       2%          1
 Necrotise                Necr           100%       1d9       2%          1
 Slow                     Hex            100%       N/A       2%          1
 Summon Small Mammal      Summ           100%       N/A       2%          1
 Sticky Flame             Fire/Alch      74%        2d12      2%          4
 Arcjolt                  Conj/Air       45%        1d55      2%          5
 Fireball                 Conj/Fire      45%        3d18      2%          5
 Blink                    Tloc           74%        N/A       3%          2
 Jinxbite                 Hex            74%        N/A       3%          2
 Lesser Beckoning         Tloc           74%        N/A       3%          2
 Call Canine Familiar     Summ           37%        N/A       6%          3
 Confusing Touch          Hex            37%        N/A       6%          3
 Maxwell's Portable Pile  Tloc           37%        2d(8-24)  6%          3
 Sigil of Binding         Hex            37%        N/A       6%          3
 Swiftness                Air            54%        N/A       6%          3
 Teleport Other           Tloc           37%        N/A       6%          3
 Vampiric Draining        Necr           37%        2d8       6%          3
 Airstrike                Air            27%        2d(4-20)  6%          4
 Yara's Violent Unravell  Hex/Alch       28%        3d12      6%          5
 Alistair's Intoxication  Alch           46%        N/A       8%          5
 Borgnjor's Vile Clutch   Necr/Erth      45%        N/A       8%          5
 Conjure Ball Lightning   Conj/Air       45%        3x3d16    11%         6
 Eringya's Noxious Bog    Alch           35%        4d6       11%         6
 Anguish                  Hex/Necr       18%        N/A       22%         4
 Animate Dead             Necr           37%        N/A       22%         4
 Cause Fear               Hex            18%        N/A       22%         4
 Dimensional Bullseye     Hex/Tloc       18%        N/A       22%         4
 Dispel Undead            Necr           37%        3d15      22%         4
 Martyr's Knell           Necr/Summ      37%        N/A       22%         4
 Passage of Golubria      Tloc           37%        N/A       22%         4
 Summon Lightning Spire   Summ/Air       54%        N/A       22%         4
 Vhi's Electric Charge    Tloc/Air       100%       N/A       22%         4
 Lehudib's Crystal Spear  Conj/Erth      56%        10d13     50%         8
 Curse of Agony           Necr           37%        N/A       52%         5
 Silence                  Hex/Air        27%        N/A       52%         5
 Summon Forest            Summ/Tloc      18%        N/A       52%         5
 Summon Mana Viper        Hex/Summ       37%        N/A       52%         5
 Plasma Beam              Fire/Air       35%        2x1d49    58%         6
 Death Channel            Necr           18%        N/A       97%         6
 Dispersal                Tloc           18%        N/A       97%         6
 Gell's Gavotte           Tloc           18%        2d(19-28) 97%         6
 Enfeeble                 Hex            18%        N/A       100%        7
 Haunt                    Necr/Summ      18%        N/A       100%        7
 Monstrous Menagerie      Summ           18%        N/A       100%        7
 Borgnjor's Revivificati  Necr           18%        N/A       100%        8
 Ignition                 Fire           27%        3d9       100%        8
 Infestation              Necr           18%        N/A       100%        8
 Maxwell's Capacitive Co  Air            27%        ∞         100%        8
 Chain Lightning          Conj/Air       45%        3d60      100%        9
 Death's Door             Necr           18%        N/A       100%        9
 Fire Storm               Conj/Fire      45%        8d11      100%        9
 Shatter                  Erth           56%        3d42*     100%        9


Dungeon Overview and Level Annotations

Branches:
Dungeon (15/15)            Temple (0/1) D:5            Lair (5/5) D:8
  Swamp (4/4) Lair:2       Spider (4/4) Lair:3        Slime (5/5) Lair:5
    Orc (2/2) D:10            Elf (3/3) Orc:2        Vaults (4/5) D:13
  Crypt (0/3) Vaults:3     Depths (4/4) D:15            Zot (5/5) Depths:4
Desolation (visited)

Altars:
Cheibriados
Dithmenos
Elyvilon
Fedhas
Gozag
Hepliaklqana
Kikubaaqudgha
Sif Muna
Vehumet
Xom
Yredelemnul
Zin
The Shining One
Beogh
Jiyva
Lugonu

Shops:
D:4 [   D:8 ==   D:12 (   Orc:1 (   Orc:2 [![(*   Elf:1 !   Elf:2 [
Depths:1 (   Depths:2 !   Depths:3 :*

Portals:
Hell: Depths:1 Depths:2 Depths:3 Depths:4
Abyss: Depths:1 Depths:3
Pandemonium: Depths:1 Depths:2
Ziggurat: Depths:2
Trove: Elf:3 (show abyssal rune of Zot)

Annotations:
D:5 Dowan, Duvessa, Edmund
D:14 exclusion: downstairs
Lair:1 3 runed translucent doors, Qistriemimm's ghost, journeyman MDFi
Swamp:1 2 transporters, Karaet's ghost, adept MiFi
Slime:5 1 exclusion
Elf:2 5 runed translucent doors


Innate Abilities, Weirdness & Mutations

Armour fits poorly on your strangely shaped body.
You have extremely tough skin. (AC +3)
You have a long armoured tail.
You regenerate magic and health when rolling toward enemies. (Rampage Regen)
You are weak. (Str -2)


Message History

The Tzitzimitl resists.
The Tzitzimitl is severely wounded.
You feel a huge surge of power!
Bitter cold erupts, blasting rock from the ceiling!
The mass of rock hits the Tzitzimitl!!
The Tzitzimitl is severely wounded.
Piercing cold boils outward!
The piercing cold hits the Tzitzimitl.
The Tzitzimitl resists.
The Tzitzimitl is almost dead.
The Tzitzimitl gestures at you. The bolt of negative energy misses you.
You feel a huge surge of power!
Bitter cold erupts, blasting rock from the ceiling!
The mass of rock hits the Tzitzimitl!!!
You kill the Tzitzimitl!
Vehumet accepts your kill.
You feel your power returning.
Piercing cold boils outward!
Unknown command.
There is a stone staircase leading up here.
You climb upwards.
There is a stone staircase leading down here.
Magic restored.
A tormentor comes into view.
You feel a huge surge of power!
Bitter cold erupts, blasting rock from the ceiling!
The mass of rock hits the tormentor!!!
The tormentor is almost dead.
Piercing cold boils outward!
The piercing cold hits the tormentor!!!
You kill the tormentor!
Vehumet accepts your kill.
You feel your power returning.
You enter the shallow water.
You see here a bat skeleton.
Things that are here:
a +0 whip; a kobold skeleton You see here a ball python skeleton.
There is a stone staircase leading down here.
There is a staircase leading out of the dungeon here.
Okay, then.
You have escaped!

..##....## ♣♣.♣♣.♣♣ #........
......### ♣♣.♣♣.♣♣ #........
.....## ♣.♣♣♣♣.♣♣ #........
..#### ♣♣.♣♣♣♣.♣♣ ##.......
.....# ♣♣.♣♣♣♣.♣ #........ .....#
♣♣.♣♣.♣♣ ##....... .....#
♣♣.♣♣.♣♣ ##.##... .....# ♣.♣♣♣♣.♣
####.###.. .....###### ♣♣@♣ ♣♣♣
#....# #[. ..........# ♣♣♣
#....####~ .....######
####.....###~ .....#
##############......#.##P.
~....###.÷.)................(..~P
~~♣......#########............P~~
~~~.#.#### #.............P♣
~.~♣#.# ##########..~PP~ ~~....#
#..PPP~


There were no monsters in sight!

Vanquished Creatures
  the Royal Jelly (Slime:5)
  Dissolution (Slime:4)
  An ancient lich (Zot:5)
  3 orbs of fire (Zot:5)
  Xtahua (Vaults:4)
  Sojobo (Vaults:4)
  Boris (Depths:2)
  8 Killer Klowns (Zot:5)
  Saint Roka (Depths:2)
  A caustic shrike (Depths:2)
  3 golden dragons
  Jory (Vaults:4)
  2 electric golems (Zot:5)
  Arachne (Spider:1)
  3 doom hounds (Depths:2)
  A Tzitzimitl (D:2)
  24 Orb Guardians
  6 tentacled monstrosities
  6 liches
  A walking frostbound tome (Depths:4)
  A Hell Sentinel (Depths:4)
  An Ice Fiend (D:13)
  A walking earthen tome (Depths:3)
  3 quicksilver dragons
  Asterion (Vaults:3)
  2 deep elf master archers (Elf:3)
  2 deep elf blademasters (Elf:3)
  Grunn (Depths:2)
  Agnes (D:14)
  19 acid blobs
  2 death cobs
  6 sphinxes
  2 Executioners
  4 thorn hunters
  5 shadow dragons
  5 storm dragons
  3 tengu reavers
  Aizul (Spider:2)
  Roxanne (D:15)
  12 rockslimes
  4 draconian monks
  Donald (Swamp:4)
  A demonspawn warmonger (D:14)
  10 azure jellies
  A protean progenitor (Zot:1)
  4 deep elf sorcerers
  5 fire giants
  4 frost giants
  13 vault wardens
  A draconian knight (Depths:4)
  6 deep elf elementalists (Elf:3)
  2 hydra zombies (Swamp:4)
  2 draconian shifters
  4 emperor scorpions
  A ghost moth (Spider:3)
  3 draconian scorchers (Zot:5)
  An imperial myrmidon (Desolation)
  2 ghouls (Swamp:4)
  A spriggan defender (Depths:2)
  A draconian annihilator (Depths:4)
  A reaper (D:14)
  A cacodemon (D:6)
  6 quicksilver oozes (Slime:5)
  A demonspawn corrupter (D:14)
  2 orc warlords
  16 ironbound preservers
  A broodmother (Spider:1)
  24 very ugly things
  14 stone giants
  8 ironbound thunderhulks
  3 formless jellyfish
  A vampire knight (Depths:4)
  2 black draconians
  A purple draconian (Zot:5)
  4 eleionomae
  4 green draconians
  6 deep elf demonologists
  4 bunyips
  7 red draconians
  5 deep elf annihilators (Elf:3)
  5 white draconians
  A yellow draconian (Depths:4)
  10 deep elf death magi
  A lorocyproca (Depths:4)
  10 dire elephants
  5 spark wasps
  2 crystal guardians (Desolation)
  9 ragged hierophants (Desolation)
  5 ettins
  Josephine (D:10)
  2 merfolk impalers
  Snorg (D:14)
  A merfolk javelineer (Depths:1)
  9 fire dragons
  2 shambling mangroves (Swamp:4)
  7 yaktaur captains
  11 vault guards
  A spriggan zombie (Depths:1)
  A jiangshi (Vaults:3)
  3 deep elf high priests (Elf:3)
  5 entropy weavers
  11 servants of whispers
  6 alligators
  8 great orbs of eyes
  6 ice dragons
  11 peacekeepers
  5 jorogumos
  2 ogre magi
  2 ghost crabs
  10 hydras
  An anaconda (Lair:2)
  6 rakshasas
  A radroach (shapeshifter) (Depths:2)
  4 centaur warriors
  4 ironbound frosthearts
  5 radroaches
  11 boulder beetles
  14 dancing weapons
  6 deep troll shamans
  11 two-headed ogres
  2 vampire magi (Depths:1)
  6 deep troll earth magi
  17 tengu warriors
  10 death yaks
  4 spriggan berserkers
  7 demonic crawlers
  6 orc high priests
  A soul eater (Vaults:3)
  2 occultists (Depths:3)
  Sonja (Orc:1)
  11 deep elf knights
  Urug (Lair:3)
  2 salamander mystics
  2 spectral death yaks (Lair:5)
  2 skysharks
  11 spriggans
  5 hell knights
  5 iron trolls
  8 spriggan druids
  A skeletal warrior (Vaults:3)
  5 pharaoh ants
  4 glowing orange brains
  A spectral anaconda (Lair:5)
  20 deep elf archers
  A death drake (Swamp:3)
  2 goliath frogs
  52 deep trolls
  11 orb spiders
  7 arcanists
  3 swamp dragons
  5 flayed ghosts
  An obsidian statue (Lair:5)
  3 sun moths (Spider:4)
  A swamp dragon (shapeshifter) (Depths:1)
  A harpy (shapeshifter) (Depths:4)
  28 deep elf zephyrmancers
  2 phantasmal warriors (Depths:4)
  2 bog bodies
  5 spectral hydras (Swamp:4)
  A golden dragon skeleton (Depths:1)
  5 steelbarb worms
  4 thermic dynamos
  10 harpies
  2 lindwurms (Vaults:1)
  Pikel (D:4)
  21 ironbound convokers
  8 necromancers
  2 obsidian bats (Orc:2)
  26 deep elf pyromancers
  6 salamanders
  6 oklob plants
  6 will-o-the-wisps
  2 cyclopes
  11 orc knights
  4 orc sorcerers
  19 wolf spiders
  A tengu skeleton (Depths:1)
  3 shining eyes
  30 ugly things
  9 elephants
  3 manticores
  8 moths of wrath
  7 kobold blastminers
  7 black mambas
  4 meliai
  A toenail golem (Depths:4)
  A dire elephant zombie (Lair:5)
  2 eyes of devastation (Slime:5)
  15 vault sentinels
  A molten gargoyle (Depths:3)
  7 torpor snails
  An orange demon (D:13)
  3 guardian serpents (Desolation)
  Maggie (D:6)
  A smoke demon (Depths:4)
  An unseen horror (D:13)
  A rime drake (Lair:2)
  13 cane toads
  An ice devil (D:9)
  A yaktaur zombie (Vaults:2)
  A komodo dragon (shapeshifter) (D:15)
  31 yaktaurs
  9 komodo dragons
  5 tengu conjurers
  4 freezing wraiths
  3 tormentors
  Prince Ribbit (D:6)
  A queen bee (shapeshifter) (Elf:3)
  3 trolls
  32 jumping spiders
  3 polar bears
  73 saltlings
  7 hornets
  A hydra skeleton (Swamp:4)
  7 tyrant leeches
  19 tarantellas
  13 blink frogs (Lair:4)
  3 glass eyes
  6 dream sheep (Lair:3)
  A frost giant simulacrum (Vaults:2)
  54 slime creatures
  19 culicivoras
  An ettin skeleton (Vaults:2)
  Sigmund (D:6)
  3 air elementals
  9 water elementals
  4 wyverns
  3 wraiths
  37 yaks
  2 humans (D:13)
  2 fire bats (Depths:3)
  5 golden eyes (Slime:5)
  3 basilisks
  2 wargs (Orc:1)
  63 redbacks
  3 steam dragons
  7 vampire mosquitoes
  11 swamp worms
  17 water moccasins
  A human zombie (Vaults:2)
  31 orc warriors
  An ice beast (D:8)
  2 black bears
  2 elephant zombies (Lair:5)
  6 swamp drakes (Swamp:4)
  2 sky beasts (D:7)
  An ettin simulacrum (Depths:1)
  5 ogres
  4 wolves (Lair:2)
  A laughing skull (Vaults:3)
  9 centaurs
  2 lemures (D:4)
  2 elephant skeletons (Lair:5)
  3 kobold brigands
  Blork the orc (D:4)
  12 bullfrogs
  2 gnoll sergeants (D:8)
  A small abomination (D:9)
  4 scorpions
  12 killer bees
  3 electric eels
  11 howler monkeys
  2 bombardier beetles
  2 lava snakes (Lair:3)
  A crimson imp (D:6)
  4 hounds
  10 jellies (Lair:5)
  A gnoll bouda (D:9)
  26 orc priests
  2 iguanas
  17 orc wizards
  9 adders
  17 gnolls
  A swamp drake zombie (Swamp:4)
  A swamp drake skeleton (Swamp:4)
  2 shadow imps
  13 white imps
  10 ufetubi
  5 dart slugs
  71 orcs
  7 ball pythons
  7 bats
  7 endoplasms
  4 giant cockroaches
  5 goblins
  3 hobgoblins
  16 kobolds
  3 quokkas
  3 frilled lizards (D:1)
  4 rats
1888 creatures vanquished.

Vanquished Creatures (collateral kills)
  A lich (Depths:4)
  A dire elephant (Lair:5)
  A centaur warrior (D:14)
  A catoblepas (Lair:4)
  2 two-headed ogres
  2 death yaks
  A necromancer (D:15)
  A deep elf pyromancer (D:12)
  2 ugly things
  An elephant (Lair:5)
  A slime creature (D:14)
  A gargoyle (D:13)
  A troll (D:12)
  2 yaks (D:11)
  2 wraiths (D:10)
  A vampire mosquito (D:12)
  Menkaure (D:4)
  An orc warrior (D:10)
  A centaur (D:14)
  A bullfrog (Lair:3)
  2 sleepcaps (D:8)
  An orc wizard (D:10)
  3 white imps
  4 orcs
35 creatures vanquished.

Vanquished Creatures (others)
  A centaur warrior (D:14)
  A deep elf pyromancer (D:14)
  An ugly thing (D:14)
  A tyrant leech (Swamp:1)
  An ice beast (D:8)
  13 foxfires
18 creatures vanquished.

Grand Total: 1941 creatures vanquished

Notes
Turn   | Place    | Note
-------+----------+-------------------------------------------
     0 | D:1      | Ajdolov the Armataur Ice Elementalist began the quest for
                  | the Orb.
     0 | D:1      | Reached XP level 1. HP: 14/14 MP: 3/3
   139 | D:1      | Reached XP level 2. HP: 6/20 MP: 5/5
   365 | D:1      | Reached skill level 4 in Ice Magic
   758 | D:1      | Reached XP level 3. HP: 26/26 MP: 4/6
   949 | D:1      | Learned a level 3 spell: Frozen Ramparts
  1092 | D:2      | Found an ancient bone altar of Kikubaaqudgha.
  1167 | D:2      | Learned a level 3 spell: Ozocubu's Armour
  1295 | D:2      | You fall into a shaft and drop 1 floor!
  1332 | D:2      | Identified the +0 robe of Wamej {rPois Dex+3 Archmagi}
  1492 | D:2      | Found a faded altar of an unknown god.
  2135 | D:3      | Reached XP level 4. HP: 33/33 MP: 8/8
  2200 | D:3      | Noticed a black bear
  2209 | D:3      | Killed a black bear
  2210 | D:3      | Reached XP level 5. HP: 34/38 MP: 2/10
  2481 | D:4      | Noticed Blork the orc
  2610 | D:4      | Killed Blork the orc
  2611 | D:4      | Reached skill level 5 in Ice Magic
  2686 | D:4      | Learned a level 3 spell: Summon Ice Beast
  2699 | D:4      | Noticed a lemure
  2702 | D:4      | Noticed a lemure
  2703 | D:4      | Noticed a lemure
  2765 | D:4      | Noticed Pikel
  2797 | D:4      | Killed a lemure
  3069 | D:4      | Noticed a lemure
  3085 | D:4      | Killed a lemure
  3096 | D:4      | Killed Pikel
  3097 | D:4      | Reached skill level 5 in Spellcasting
  3097 | D:4      | Reached skill level 6 in Ice Magic
  3097 | D:4      | Reached XP level 6. HP: 19/45 MP: 0/13
  3097 | D:4      | Gained mutation: You regenerate magic and health when
                  | rolling toward enemies. (Rampage Regen) [Armataur growth]
  3097 | D:4      | Reached XP level 7. HP: 22/50 MP: 0/14
  3483 | D:4      | Reached skill level 7 in Ice Magic
  3581 | D:4      | Found a shimmering altar of Xom.
  3586 | D:4      | Found a blossoming altar of Fedhas.
  3586 | D:4      | Found a hazy altar of Hepliaklqana.
  3587 | D:4      | Found a snail-covered altar of Cheibriados.
  3588 | D:4      | Found an opulent altar of Gozag.
  3593 | D:4      | Found a shadowy altar of Dithmenos.
  3802 | D:4      | Found a radiant altar of Vehumet.
  3820 | D:4      | Found Deda's Armour Boutique.
  3830 | D:4      | Became a worshipper of Vehumet
  3922 | D:4      | Reached XP level 8. HP: 55/57 MP: 11/15
  4042 | D:4      | Noticed Menkaure
  4055 | D:4      | Killed Menkaure
  4056 | D:4      | Reached skill level 8 in Ice Magic
  4290 | D:5      | Entered Level 5 of the Dungeon
  4290 | D:5      | Noticed Edmund
  4418 | D:5      | Found a staircase to the Ecumenical Temple.
  5130 | D:5      | Noticed Dowan
  5151 | D:5      | Reached skill level 9 in Ice Magic
  5274 | D:5      | Noticed Duvessa
  6166 | D:6      | Noticed Maggie
  6185 | D:6      | Killed Maggie
  6186 | D:6      | Reached skill level 10 in Ice Magic
  6186 | D:6      | Reached skill level 1 in Fighting
  6186 | D:6      | Reached skill level 1 in Armour
  6186 | D:6      | Reached skill level 1 in Evocations
  6186 | D:6      | Reached XP level 9. HP: 56/64 MP: 11/16
  6244 | D:6      | Reached * piety under Vehumet
  6244 | D:6      | Offered knowledge of Magic Dart by Vehumet.
  6311 | D:6      | Found a shimmering blue altar of Sif Muna.
  6390 | D:6      | Noticed Sigmund
  6397 | D:6      | Noticed Prince Ribbit
  6404 | D:6      | Killed Prince Ribbit
  6405 | D:6      | Killed Sigmund
  7110 | D:6      | Found a white marble altar of Elyvilon.
  7348 | D:7      | Reached ** piety under Vehumet
  7440 | D:7      | Offered knowledge of Mercury Vapours by Vehumet.
  7576 | D:7      | Reached skill level 5 in Armour
  7648 | D:7      | Learned a level 5 spell: Irradiate
  7951 | D:8      | Found Ceiruh's Jewellery Emporium.
  7990 | D:8      | Reached skill level 1 in Conjurations
  7992 | D:8      | Reached skill level 1 in Alchemy
  8026 | D:8      | Found a staircase to the Lair.
  8183 | D:8      | Found a glowing golden altar of the Shining One.
  8196 | D:8      | Reached XP level 10. HP: 72/78 MP: 11/17
  8354 | D:8      | Found Tiawidev's Jewellery Emporium.
  8579 | D:8      | Reached skill level 5 in Evocations
  8580 | D:8      | Offered knowledge of Static Discharge by Vehumet.
  9071 | D:9      | Reached *** piety under Vehumet
  9256 | D:9      | Reached skill level 5 in Fighting
  9267 | D:9      | Offered knowledge of Sticky Flame by Vehumet.
  9361 | D:9      | Noticed a two-headed ogre
  9385 | D:9      | Killed a two-headed ogre
  9590 | D:10     | Entered Level 10 of the Dungeon
  9595 | D:10     | Noticed a two-headed ogre
  9613 | D:10     | Killed a two-headed ogre
  9759 | D:10     | Noticed Josephine
  9772 | D:10     | HP: 1/79 [Josephine/+0 dagger (3)]
  9774 | D:10     | Killed Josephine
  9775 | D:10     | Reached XP level 11. HP: 5/89 MP: 9/18
 10502 | D:10     | Found a staircase to the Orcish Mines.
 10596 | D:10     | Noticed a two-headed ogre
 10610 | D:10     | Killed a two-headed ogre
 10610 | D:10     | Reached **** piety under Vehumet
 11066 | D:11     | Noticed a two-headed ogre
 11084 | D:11     | Killed a two-headed ogre
 11085 | D:11     | Reached skill level 5 in Conjurations
 11085 | D:11     | Reached skill level 5 in Alchemy
 11166 | D:11     | Noticed a brown ugly thing
 11183 | D:11     | Killed a brown ugly thing
 11297 | D:11     | Noticed a boulder beetle
 11309 | D:11     | Killed a boulder beetle
 11756 | D:11     | Offered knowledge of Freezing Cloud by Vehumet.
 11763 | D:11     | Learned a level 5 spell: Freezing Cloud
 12153 | Lair:1   | Entered Level 1 of the Lair of Beasts
 12496 | Lair:1   | Found a runed translucent gate.
 12496 | Lair:1   | Found a runed translucent gate.
 12496 | Lair:1   | Found a runed translucent gate.
 12499 | Lair:1   | Noticed Qistriemimm's ghost (journeyman MDFi)
 12836 | Lair:1   | Reached XP level 12. HP: 80/104 MP: 19/19
 13741 | Lair:1   | Found a viscous altar of Jiyva.
 14140 | Lair:2   | Found a staircase to the Swamp.
 14140 | Lair:2   | Noticed an eleionoma
 14150 | Lair:2   | Killed an eleionoma
 14309 | Lair:2   | Noticed an anaconda
 14325 | Lair:2   | Killed an anaconda
 14478 | Lair:2   | Noticed a death yak
 14487 | Lair:2   | Noticed a death yak
 14487 | Lair:2   | Noticed a death yak
 14487 | Lair:2   | Noticed a death yak
 14500 | Lair:2   | Noticed a death yak
 14510 | Lair:1   | Killed a death yak
 14668 | Lair:1   | Killed a death yak
 14762 | Lair:1   | Killed a death yak
 14762 | Lair:1   | Reached ***** piety under Vehumet
 14763 | Lair:1   | Reached skill level 10 in Fighting
 14780 | Lair:2   | Noticed a death yak
 14780 | Lair:2   | Noticed a death yak
 14780 | Lair:2   | Noticed a death yak
 14780 | Lair:2   | Noticed a death yak
 14856 | Lair:1   | Killed a death yak
 14857 | Lair:1   | Reached skill level 10 in Armour
 14918 | Lair:2   | Killed a death yak
 15539 | Lair:1   | Killed a death yak
 15734 | Lair:2   | Killed a death yak
 15741 | Lair:2   | Killed a death yak
 15741 | Lair:2   | Offered knowledge of Flame Wave by Vehumet.
 15746 | Lair:2   | Killed a death yak
 16193 | Lair:3   | Reached XP level 13. HP: 109/113 MP: 24/24
 16395 | Lair:3   | Found a hole to the Spider Nest.
 16798 | Lair:3   | Noticed Urug
 16827 | Lair:3   | Killed Urug
 17037 | Lair:3   | Reached skill level 1 in Shields
 18361 | Lair:4   | Reached skill level 5 in Shields
 19608 | D:8      | Bought the ring "Rakluif" {Will+++ Int+6 Dex+6 Stlth-} for
                  | 1068 gold pieces
 19774 | D:12     | Found a radiant altar of Vehumet.
 20081 | D:12     | Found Ifum Jau's Antique Weapon Emporium.
 20326 | D:12     | Reached XP level 14. HP: 125/125 MP: 17/26
 20762 | D:13     | Noticed an ironbound thunderhulk
 20770 | D:13     | Killed an ironbound thunderhulk
 21007 | D:13     | Found a gate to the Vaults.
 21634 | D:13     | Offered knowledge of Conjure Ball Lightning by Vehumet.
 22110 | D:14     | Identified the +0 leather armour "Hiykukixa" {rF+ Int+6}
 22123 | D:14     | Noticed Snorg
 22142 | D:14     | Killed Snorg
 22642 | D:14     | Reached skill level 10 in Conjurations
 23141 | D:15     | Entered Level 15 of the Dungeon
 23141 | D:15     | Noticed Agnes
 23172 | D:15     | Noticed Roxanne
 23338 | Orc:1    | Entered Level 1 of the Orcish Mines
 23430 | Orc:1    | Noticed Sonja
 23451 | Orc:1    | Noticed an orc warlord
 23548 | Orc:1    | Killed an orc warlord
 23700 | Orc:1    | Killed Sonja
 24018 | Orc:1    | Found Poajuvoal's Antique Weapon Shop.
 24138 | Orc:2    | Entered Level 2 of the Orcish Mines
 24179 | Orc:2    | Found a roughly hewn altar of Beogh.
 24502 | Orc:2    | Found a staircase to the Elven Halls.
 24739 | Orc:2    | Found Geakismo's Assorted Antiques.
 24755 | Orc:2    | Bought a large peridot amulet for 160 gold pieces
 25169 | Orc:2    | Reached XP level 15. HP: 106/132 MP: 27/27
 25189 | Orc:2    | Reached skill level 5 in Dodging
 25393 | Orc:2    | Found Potebeoda's Armour Emporium.
 25394 | Orc:2    | Found Voadoitiox's Distillery.
 25394 | Orc:2    | Found Sehef's Antique Armour Emporium.
 25395 | Orc:2    | Found Odaves's Weapon Emporium.
 25401 | Orc:2    | Bought 2 curare-tipped darts for 38 gold pieces
 25402 | Orc:2    | Bought a potion of curing for 42 gold pieces
 25402 | Orc:2    | Bought a potion of curing for 42 gold pieces
 25402 | Orc:2    | Bought a potion of curing for 42 gold pieces
 25402 | Orc:2    | Bought a potion of invisibility for 112 gold pieces
 25618 | Lair:5   | Entered Level 5 of the Lair of Beasts
 25618 | Lair:5   | Found the -2 hat of the Alchemist {rElec rPois rF+ rC+ rN+
                  | Will+ rMut rCorr}
 25724 | Lair:5   | Offered knowledge of Ozocubu's Refrigeration by Vehumet.
 25733 | Lair:5   | Learned a level 7 spell: Ozocubu's Refrigeration
 25999 | Lair:5   | Found a staircase to the Slime Pits.
 25999 | Lair:5   | Found a viscous altar of Jiyva.
 26156 | Lair:5   | Identified the +7 chain mail of Peek-a-Boo {rElec Dex+2
                  | SInv}
 27175 | Lair:5   | Got Gyanut's Lessons on Glowing Geology
 27715 | D:14     | Killed Agnes
 27978 | D:15     | Found a staircase to the Depths.
 28112 | D:15     | Reached skill level 11 in Ice Magic
 28490 | D:15     | Offered knowledge of Permafrost Eruption by Vehumet.
 28499 | D:15     | Learned a level 6 spell: Permafrost Eruption
 28661 | D:15     | Reached skill level 1 in Earth Magic
 28916 | D:15     | Found a shimmering blue altar of Sif Muna.
 29253 | Swamp:1  | Entered Level 1 of the Swamp
 29265 | Swamp:1  | Found a transporter.
 29959 | Swamp:1  | Reached XP level 16. HP: 101/143 MP: 23/29
 30410 | Swamp:1  | Noticed Karaet's ghost (adept MiFi)
 30411 | Swamp:1  | Found a transporter.
 30640 | Swamp:2  | Reached skill level 12 in Ice Magic
 31225 | Swamp:3  | Reached skill level 5 in Earth Magic
 31231 | Swamp:3  | Noticed a thorn hunter
 31550 | Swamp:3  | Killed a thorn hunter
 32239 | D:8      | Bought a ring of see invisible for 195 gold pieces
 32354 | Slime:1  | Entered Level 1 of the Pits of Slime
 32475 | Spider:1 | Entered Level 1 of the Spider Nest
 32525 | Spider:1 | Reached ****** piety under Vehumet
 32526 | Spider:1 | Reached skill level 13 in Ice Magic
 32574 | Spider:1 | Offered knowledge of Fireball by Vehumet.
 33742 | Spider:2 | Identified the +1 robe of Midsummer {+Blink Will- SInv
                  | Archmagi}
 33761 | Spider:2 | Noticed Arachne
 33774 | Spider:1 | Reached skill level 10 in Spellcasting
 33913 | Spider:2 | Identified the serpent talisman of Girch {Dex+2 SInv}
 33913 | Spider:2 | Noticed Aizul
 33917 | Spider:2 | Killed Aizul
 33988 | Spider:2 | Reached XP level 17. HP: 149/149 MP: 18/31
 34033 | Spider:2 | Offered knowledge of Spellforged Servitor by Vehumet.
 34098 | Spider:1 | Killed Arachne
 34685 | Spider:3 | Reached skill level 14 in Ice Magic
 35661 | Spider:3 | Offered knowledge of Orb of Destruction by Vehumet.
 36282 | Spider:4 | Entered Level 4 of the Spider Nest
 37315 | Spider:4 | Reached skill level 10 in Earth Magic
 37378 | Spider:4 | Identified the +5 falchion of the Final Chapter {freeze,
                  | rPois SInv}
 37844 | Spider:4 | Reached skill level 15 in Ice Magic
 37987 | Spider:4 | Identified the +6 spear "Voejama" {flame, rPois rCorr SInv}
 38234 | Spider:4 | Got a gossamer rune of Zot
 38238 | Spider:4 | Identified the orb of Afir {mayhem, rPois Regen+ Int-3}
 38572 | Swamp:4  | Entered Level 4 of the Swamp
 38784 | Swamp:4  | Reached XP level 18. HP: 161/161 MP: 13/32
 39488 | Swamp:4  | Reached skill level 15 in Fighting
 39497 | Swamp:4  | Noticed Donald
 39499 | Swamp:4  | Killed Donald
 40236 | Swamp:4  | Found a blossoming altar of Fedhas.
 40278 | Swamp:4  | Got a decaying rune of Zot
 40297 | Swamp:4  | Found a basalt altar of Yredelemnul.
 40755 | D:15     | Killed Roxanne
 40856 | Vaults:1 | Entered Level 1 of the Vaults
 41096 | Vaults:1 | Reached skill level 10 in Shields
 43060 | Vaults:2 | Found a crumbling gateway.
 43081 | Desolati | Entered the Desolation of Salt
 43085 | Desolati | Reached XP level 19. HP: 158/172 MP: 24/34
 43390 | Desolati | Identified the ring of Propriety {rN+ rCorr MP+9 Str+3
                  | Int-3}
 43473 | Desolati | Got the Incunabulum of Malisons and the Vector
 43700 | Desolati | Identified the ring "Otsooh" {rPois Str+3}
 43862 | Desolati | Identified the amulet of Miracles {Faith rN+ Slay+3}
 43867 | Desolati | Got the Incunable of the Underground Lungs
 43877 | Desolati | Got the Incunabulum of Weather and Alteration
 44043 | Desolati | Identified the ring of Dacuynam {Will+ rCorr AC+4 Stlth-}
 44082 | Desolati | Identified the +4 great sword of Fedhas's Generosity
                  | {flame, rC+ rCorr}
 44226 | Desolati | Got the Lessons on Clouds and Transportation
 44308 | Desolati | Identified the +5 short sword "Concordance" {flame, Fly
                  | rF++}
 44747 | Vaults:2 | Paralysed by a formless jellyfish for 1 turns
 46429 | Vaults:3 | Found a flickering gateway to a bazaar.
 46441 | Bazaar   | Entered a bazaar
 46464 | Bazaar   | Found Tumioc's Magic Scroll Shop.
 46480 | Bazaar   | Found Leduroj's Antique Weapon Boutique.
 46509 | Bazaar   | Found Cael Zaq's Weapon Shop.
 46509 | Bazaar   | Found Otsiuzuann's Book Boutique.
 46544 | Bazaar   | Bought 2 scrolls of teleportation for 90 gold pieces
 46544 | Bazaar   | Bought a scroll of revelation for 112 gold pieces
 46906 | Vaults:3 | Reached XP level 20. HP: 187/187 MP: 33/36
 46930 | Vaults:3 | Found a staircase to the Crypt.
 47011 | Vaults:3 | Noticed Asterion
 47013 | Vaults:3 | Killed Asterion
 47154 | Vaults:3 | Identified the +4 robe of Omole {Int+4}
 47369 | Vaults:3 | Got Zevvopo's Guide on the Undead Tundra
 47529 | Vaults:4 | Identified a scroll of acquirement
 47538 | Vaults:4 | Acquired 270 gold pieces
 47651 | Vaults:4 | Noticed Jory
 47670 | Vaults:4 | Killed Jory
 48135 | Vaults:4 | Noticed Sojobo
 48139 | Vaults:4 | Killed Sojobo
 48140 | Vaults:4 | Reached skill level 10 in Evocations
 48522 | Vaults:4 | Acquired the +3 Elemental Staff {ele, rElec rF+ rC+ AC+3}
 48522 | Vaults:4 | Found the +3 Elemental Staff {ele, rElec rF+ rC+ AC+3}
 48569 | Vaults:4 | Noticed Xtahua
 48573 | Vaults:4 | Killed Xtahua
 48574 | Vaults:4 | Reached skill level 16 in Ice Magic
 49740 | Depths:1 | Entered Level 1 of the Depths
 49740 | Depths:1 | Found a one-way gate leading to the halls of Pandemonium.
 49997 | Depths:1 | Reached XP level 21. HP: 125/194 MP: 16/37
 50467 | Depths:1 | Found a gateway to Hell.
 50759 | Depths:1 | Found a corrupted altar of Lugonu.
 50760 | Depths:1 | Found a one-way gate to the infinite horrors of the Abyss.
 50765 | Depths:1 | Found Aleifuom's Weapon Emporium.
 50825 | Depths:1 | Found a glowing golden altar of the Shining One.
 50825 | Depths:1 | Found a glowing silver altar of Zin.
 50825 | Depths:1 | Found a white marble altar of Elyvilon.
 51157 | Orc:2    | Bought a phantom mirror for 1280 gold pieces
 51157 | Orc:2    | Bought a potion of mutation for 256 gold pieces
 51372 | Depths:2 | Noticed Grunn
 51376 | Depths:2 | Reached skill level 17 in Ice Magic
 51376 | Depths:2 | Killed Grunn
 51379 | Depths:2 | Noticed Saint Roka
 51676 | Depths:2 | Reached skill level 15 in Armour
 51838 | Depths:2 | Identified the +3 robe of Perfidy {Fly rElec Int-2}
 51838 | Depths:2 | Noticed Boris
 51859 | Depths:2 | Killed Boris
 52281 | Depths:2 | Noticed a caustic shrike
 52288 | Depths:2 | Killed a caustic shrike
 52537 | Depths:2 | Killed Saint Roka
 52658 | Depths:2 | Found a one-way gateway to a ziggurat.
 52807 | Depths:2 | Found a glowing golden altar of the Shining One.
 52989 | Depths:2 | Found Ickiteur's Distillery.
 52996 | Depths:2 | Bought a potion of haste for 220 gold pieces
 52996 | Depths:2 | Bought a potion of magic for 176 gold pieces
 53204 | Depths:3 | Found Ebratha's General Store.
 53246 | Depths:3 | Bought a potion of heal wounds for 70 gold pieces
 53246 | Depths:3 | Found Qocwarphi's Book Shoppe.
 53815 | Depths:3 | Found the +18 shield of the Gong {Loud rN+ Will+ rCorr
                  | EV-5}
 54346 | Depths:3 | Reached skill level 18 in Ice Magic
 54346 | Depths:3 | Reached XP level 22. HP: 202/202 MP: 15/38
 54356 | Depths:3 | Learned a level 9 spell: Polar Vortex
 54952 | Depths:4 | Entered Level 4 of the Depths
 55807 | Depths:4 | Noticed a golden dragon
 55810 | Depths:4 | Killed a golden dragon
 56125 | Depths:4 | Reached skill level 15 in Evocations
 56231 | Depths:4 | Found a gate to the Realm of Zot.
 56579 | Elf:1    | Entered Level 1 of the Elven Halls
 56648 | Elf:1    | Found Biolef's Distillery.
 57663 | Elf:2    | Found Goezo's Armour Shoppe.
 58145 | Elf:2    | Found a huge runed translucent gate.
 58145 | Elf:2    | Found a huge runed translucent gate.
 58145 | Elf:2    | Found a huge runed translucent gate.
 58145 | Elf:2    | Found a huge runed translucent gate.
 58147 | Elf:2    | Found a huge runed translucent gate.
 58214 | Elf:3    | Entered Level 3 of the Elven Halls
 58680 | Elf:3    | Found a portal to a secret trove of treasure.
 58840 | Elf:3    | Reached XP level 23. HP: 66/213 MP: 40/40
 59721 | Elf:3    | Identified the staff "Grim" {rElec Dex+2 Summ Air Alchemy}
 59761 | Elf:3    | Got the Encyclopedia of the Elliptic Anticline
 59767 | Elf:3    | Identified the +8 mace of the People {vamp, rPois Dex+2}
 59776 | Elf:3    | Identified the +8 dagger of Mutilation {venom, rN+ Int+3}
 59804 | Elf:3    | Got the Thoughts on Postmortem Lava
 59809 | Elf:3    | Identified the +6 sling of Watchfulness {drain, rCorr
                  | Str+3}
 60443 | Depths:3 | Bought a manual of Ice Magic for 1440 gold pieces
 61213 | Slime:4  | Noticed Dissolution
 61217 | Slime:4  | Killed Dissolution
 61258 | Slime:5  | Entered Level 5 of the Pits of Slime
 61527 | Slime:5  | Noticed the Royal Jelly
 61531 | Slime:5  | Killed the Royal Jelly
 61532 | Slime:5  | Reached skill level 19 in Ice Magic
 61691 | Slime:5  | Got the Book of the Discharge and Concoctions
 61694 | Slime:5  | Got Sif Muna's Treatise on Elliptic Concussion
 61696 | Slime:5  | Got a slimy rune of Zot
 61719 | Slime:5  | Identified the +4 trident of Hawec {heavy, rF+++ Str+4
                  | Int-3}
 61732 | Slime:5  | Identified the +5 scale mail of Amorality {rF++ Int+3
                  | Slay-3}
 61755 | Slime:5  | Identified the +9 morningstar "Ogrebane" {spect, Dex+4
                  | SInv}
 62240 | Zot:1    | Entered Level 1 of the Realm of Zot
 62853 | Zot:4    | Reached skill level 15 in Spellcasting
 62877 | Zot:5    | Entered Level 5 of the Realm of Zot
 63042 | Zot:5    | Reached skill level 20 in Ice Magic
 63157 | Zot:5    | Got a prismatic gem with 426 turns to spare
 63191 | Zot:5    | Noticed a Killer Klown
 63195 | Zot:5    | Killed a Killer Klown
 63217 | Zot:5    | Reached XP level 24. HP: 191/224 MP: 12/42
 63225 | Zot:5    | Reached skill level 21 in Ice Magic
 63307 | Zot:5    | Noticed an orb of fire
 63311 | Zot:5    | Noticed an ancient lich
 63314 | Zot:5    | Killed an orb of fire
 63336 | Zot:5    | Killed an ancient lich
 63415 | Zot:5    | Noticed an orb of fire
 63418 | Zot:5    | Noticed a Killer Klown
 63419 | Zot:5    | Killed an orb of fire
 63424 | Zot:5    | Killed a Killer Klown
 63503 | Zot:5    | Noticed a Killer Klown
 63505 | Zot:5    | Killed a Killer Klown
 63526 | Zot:5    | Noticed a Killer Klown
 63529 | Zot:5    | Killed a Killer Klown
 63611 | Zot:5    | Reached skill level 22 in Ice Magic
 63893 | Zot:5    | Noticed a Killer Klown
 63897 | Zot:5    | Killed a Killer Klown
 63921 | Zot:5    | Noticed an orb of fire
 63928 | Zot:5    | Gained mutation: You are weak. (Str -2) [an orb of fire]
 63929 | Zot:5    | Killed an orb of fire
 63929 | Zot:5    | Noticed a Killer Klown
 63945 | Zot:5    | Killed a Killer Klown
 63953 | Zot:5    | Noticed a Killer Klown
 63961 | Zot:5    | Killed a Killer Klown
 64221 | Zot:5    | Got the Orb of Zot
 64267 | Zot:5    | Noticed a Killer Klown
 64271 | Zot:5    | Killed a Killer Klown
 64727 | Depths:1 | Noticed Sarota the pandemonium lord
 64946 | D:9      | Noticed Doebahall the pandemonium lord
 65116 | D:6      | Noticed Heucoyne the pandemonium lord
 65366 | D:$      | Escaped with the Orb!

Illustrated notes

Levels and vault maps discovered:
D:1:      nagdon_arrival_zigzag_paths, layout_rooms, serial_bayou,
          serial_bayou_pond_a, serial_bayou_ford_a, serial_bayou_lake_a,
          serial_bayou_lagoon_a, serial_bayou_crossing, serial_bayou_pond_b
D:2:      layout_loops_ring, shapermc_ecumenical_altar_ellora, basic_altar
D:3:      layout_loops_ring
D:4:      layout_basic, amcnicky_altar_gilded, minitemple, serial_shops, shop,
          uniq_pikel, uniq_blork_the_orc, uniq_menkaure
D:5:      layout_basic, minmay_temple_entry_slanted, uniq_duvessa, uniq_edmund
D:6:      minmay_evil_eye, layout_basic, mainiacjoe_overflow_24_doors,
          lemuel_round_altar, minmay_fire_ice_demons, uniq_maggie,
          uniq_prince_ribbit1, uniq_sigmund
D:7:      layout_rooms
D:8:      layout_basic, lemuel_round_altar, lair_entry_dummy, serial_shops,
          shop, shop, nicolae_figureground_pulse
D:9:      layout_roguey
D:10:     layout_basic, david_orc_4, uniq_josephine
D:11:     layout_roguey
D:12:     layout_small_grid, serial_shops, shop, nicolae_vehumet_radiance
D:13:     layout_rooms, hellmonk_vaults_keyhole
D:14:     layout_rooms, abandoned_shop, hangedman_aviary, uniq_snorg
D:15:     hangedman_depths_entry_civil_slaughter, layout_cave_pools,
          fountainhead, kennysheep_orc_sif_temple, uniq_agnes, uniq_roxanne
Lair:1:   layout_concentric_octagons, portal_ice_cave_entry_imps,
          gammafunk_ghost_ooze, chequers_serial_rivers_small_a
Lair:2:   layout_hall_layers, alex1729_swamp_entry_worm_eleionoma,
          hellmonk_talismancer
Lair:3:   layout_chaotic_city, spider_nest_entry_a, nicolae_lair_liquid_snakes,
          grunt_megastairs_2, uniq_urug
Lair:4:   layout_small_grid, lemuel_fruit_fields, grunt_megastairs_4,
          serial_bayou_shore_a
Lair:5:   due_jungle_book, layout_concentric_octagons,
          minmay_slime_entry_jelly_boxes
Swamp:1:  layout_basic_swamp, gammafunk_ghost_mausoleum,
          nicolae_swamp_little_swirl
Swamp:2:  layout_falls_marsh, evilmike_swamp_ruin_house_5
Swamp:3:  layout_falls_marsh, evilmike_swamp_ruin_rubble_1,
          nicolae_swamp_oklob_treasure_island, infiniplex_staircase_pool
Swamp:4:  byrel_swamp_growth_death_and_undeath, layout_basic_swamp,
          nicolae_swamp_decorative_isthmus, uniq_donald
Spider:1: layout_spider_delve
Spider:2: layout_spider_delve, uniq_arachne, uniq_aizul
Spider:3: spider_temple_joshua
Spider:4: grunt_spider_rune_island
Slime:1:  layout_caves
Slime:2:  layout_caves, nicolae_slime_phagocytosis
Slime:3:  layout_caves, cheibrodos_slime_lost_civilization_6
Slime:4:  layout_caves, uniq_dissolution
Slime:5:  slime_pit_nicolae_royal_road_to_ruin
Orc:1:    layout_caves, serial_shops, nicolae_shop_pleasant_corner_grove,
          uniq_sonja
Orc:2:    st_orc_pillars, layout_diamond_mine, serial_shops, shop, mines1_david
Elf:1:    layout_geoelf_octagon, serial_shops, shop, nicolae_elf_crossing_hall
Elf:2:    elven_hall_of_blades_hangedman_alternative
          [nooodl_blade_entry_preview], layout_loops_corners, serial_shops,
          nicolae_shop_window_shopping
Elf:3:    elf_hall, layout_geoelf_castle, enter_trove_0
Vaults:1: v_misc_30, nicolae_vaults_alarming, v_misc_25,
          vaults_dpeg_emergency_exit, nicolae_vaults_closet_pinwheel_4,
          hangedman_vaults_snaps, vaults_room_grunt_arrival_ludios,
          layout_vaults_omnigrid
Vaults:2: portal_desolation_entry_nicolae_nacl,
          nicolae_vaults_door_testing_chamber, nicolae_vaults_lightning_bolt,
          hangedman_vaults_restitches, ontoclasm_vaults_ring_small,
          hangedman_vaults_corner, nicolae_vaults_network_barrier,
          vaults_mumra_minichess_inversion, vaults_room_fours,
          nicolae_vaults_apartment_1, nicolae_vaults_trapezoid_layered,
          nicolae_vaults_big_angled_halls, vaults_room_pools,
          layout_vaults_big_cross
Vaults:3: v_misc_10, minmay_crypt_entry_simple_plaza,
          nicolae_vaults_library_corner, nicolae_vaults_trapezoid_2,
          nicolae_vaults_trapezoid_lopsided_1, nicolae_vaults_little_squares_4,
          layout_vaults_big_room, serial_shops, bzr_entry_islet, uniq_asterion
Vaults:4: grunt_vaults_hallway_short, nicolae_vaults_circle_grid_b,
          nicolae_vaults_ring_of_whatevers, nicolae_vaults_what_the_h,
          vaults_standard_mumra_lines, ontoclasm_vaults_ring_square,
          ontoclasm_vaults_tryst, nicolae_vaults_network_periphery, v_rooms_5,
          nicolae_vaults_off_center_swirl, nicolae_vaults_trapezoid_4,
          nicolae_vaults_wine_cellar, layout_vaults_maze_bifur, uniq_margery,
          uniq_xtahua, uniq_jory, uniq_sojobo
Depths:1: layout_cave_pools, serial_shops, nicolae_shop_just_a_little_nook,
          pan_entry, grunt_hell_entry_dis_grunt, good_gods_mini_temple,
          abyss_entry_flame_altar, kennysheep_generic_room_11
Depths:2: minmay_fractal_lines_corner, layout_basic, enter_ziggurat_a,
          nicolae_tso_carved_into_rock, serial_shops, kennysheep_mini,
          hell_entry, serial_co_window_serial, co_window_of_opportunity_a,
          co_window_corner_a, co_window_corner_a, co_window_of_opportunity_a,
          co_window_cross_1, co_window_corner_a, co_window_paths_b,
          co_window_paths_a, co_window_paths_a, co_window_unsneaky_path_b,
          co_window_broadway_c, co_window_2corner, co_window_corner_b,
          glass_columns_a, glass_columns_c, glass_columns_b, glass_columns_a,
          glass_columns_c, pan_entry, uniq_boris, uniq_grunn, uniq_saint_roka
Depths:3: minmay_blocking_statues, layout_basic, chequers_serial_rivers_small_b,
          hell_entry, regret_index_abyss_entry_earlier_magic, minmay_shoptagon
Depths:4: grunt_zot_entry_pinwheel, layout_cave_pools, grunt_metal_band,
          fountainhead, kb_rosetta
Zot:1:    layout_gridlike, grunt_ministairs_2
Zot:2:    layout_gridlike
Zot:3:    layout_twisted_circle, regret_index_zotdec_serpentine_scales,
          gammafunk_ghost_crypt, skrybe_zot_glass_3
Zot:4:    layout_gridlike, regret_index_zotdec_gossamer_parallel,
          lemuel_flame_loot_1
Zot:5:    layout_basic, lemuel_baited_zot_trap

Skill      XL: |  1  2  3  4  5  6  7  8  9 10 11 12 13 14 15 16 17 18 19 20 21 22 23 24 |
---------------+-------------------------------------------------------------------------+-----
Spellcasting   | 2 3 5 7 8 9 10 11 12 13 15 16 | 16.8
Ice Magic      | 4 6 7 10 11 13 15 16 18 20 22 | 22.0
Fighting       | 1 4 5 9 10 11 12 13 14 16 18 19 20 | 20.0
Armour         | 1 5 7 8 11 12 13 18 20 | 20.0
Evocations     | 1 4 5 7 8 9 11 13 15 | 15.0
Conjurations   | 1 4 7 10 | 10.0
Alchemy        | 1 4 5 |  5.0
Shields        | 7 8 11 12 | 12.0
Dodging        | 4 5 8 |  8.0
Earth Magic    | 3 8 10 | 10.0
Stealth        | |  2.1

Action                     |  1- 3 |  4- 6 |  7- 9 | 10-12 | 13-15 | 16-18 | 19-21 | 22-24 || total
---------------------------+-------+-------+-------+-------+-------+-------+-------+-------++-------
  Melee: Unarmed           |     8 |       |       |       |       |       |       |       ||     8
         Spear             |    30 |    21 |    63 |   287 |    44 |       |       |       ||   445
         Tailslap          |     3 |     2 |    25 |    49 |   124 |    23 |    18 |     1 ||   245
         Halberd           |       |       |    98 |    18 |       |       |       |       ||   116
         Demon trident     |       |       |       |       |   515 |    75 |       |       ||   590
         Staff             |       |       |       |       |       |     6 |    45 |    34 ||    85
  Throw: Dart              |       |       |       |     1 |       |       |       |       ||     1
         Throwing net      |       |       |       |       |     1 |       |       |       ||     1
   Cast: Freeze            |    51 |     5 |     5 |     2 |       |       |       |       ||    63
         Frozen Ramparts   |     1 |     5 |    56 |    79 |   119 |       |       |       ||   260
         Ozocubu's Armour  |       |     5 |    30 |    56 |    87 |     7 |     2 |     3 ||   190
         Summon Ice Beast  |       |       |     8 |    33 |    30 |       |       |     1 ||    72
         Irradiate         |       |       |       |    13 |    46 |    38 |    33 |    35 ||   165
         Freezing Cloud    |       |       |       |    11 |   105 |       |       |       ||   116
         Ozocubu's Refrige |       |       |       |       |    55 |   101 |   117 |    85 ||   358
         Permafrost Erupti |       |       |       |       |    18 |   486 |   456 |   407 ||  1367
         Polar Vortex      |       |       |       |       |       |       |       |     4 ||     4
  Evoke: Wand              |       |       |       |       |    12 |     4 |       |     3 ||    19
         Sack of spiders   |       |       |       |       |       |     2 |       |       ||     2
         Phial of floods   |       |       |       |       |       |       |     1 |     2 ||     3
         Phantom mirror    |       |       |       |       |       |       |       |     1 ||     1
    Use: Scroll            |       |       |       |     9 |    18 |    13 |     4 |    11 ||    55
         Potion            |       |       |       |     2 |     1 |       |     2 |    10 ||    15
   Stab: Sleeping          |     4 |     1 |     3 |     1 |     1 |       |       |       ||    10
         Distracted        |       |       |     1 |     3 |     1 |       |       |       ||     5
 Armour: Robe              |    43 |    27 |   125 |   264 |   508 |   248 |   158 |   215 ||  1588
  Dodge: Dodged            |    25 |     9 |   140 |   211 |   438 |   133 |    76 |    91 ||  1123
  Block: Buckler           |       |       |       |       |   234 |    85 |    81 |    80 ||   480

Table legend: (Time is in decaauts)
 A = Elapsed time spent in this place.
 B = Non-inter-level travel time spent in this place.
 C = Inter-level travel time spent in this place.
 D = Time resting spent in this place.
 E = Time spent auto-exploring this place.
 F = Levels seen in this place.
 G = Mean time per level.
                   A        B        C        D        E       F      G
               +--------+--------+--------+--------+--------+-----+--------+
         Total |  65809 |  59172 |   6637 |  10871 |  35247 |  53 | 1241.7 |
       Dungeon |  20306 |  17520 |   2786 |   2606 |  11540 |  15 | 1353.7 |
          Lair |  10898 |   9616 |   1282 |   1350 |   6286 |   5 | 2179.6 |
         Swamp |   4352 |   3968 |    384 |   1213 |   1930 |   4 | 1088.0 |
   Spider Nest |   6060 |   5734 |    326 |   1567 |   2685 |   4 | 1515.0 |
    Slime Pits |    785 |    701 |     84 |    254 |      0 |   5 |  157.0 |
  Orcish Mines |   2245 |   2031 |    214 |    157 |   1200 |   2 | 1122.5 |
   Elven Halls |   3601 |   3368 |    233 |    620 |   2124 |   3 | 1200.3 |
        Vaults |   7038 |   6733 |    305 |    700 |   4792 |   4 | 1759.5 |
        Depths |   6843 |   5861 |    982 |   1131 |   3845 |   4 | 1710.8 |
           Zot |   1906 |   1870 |     36 |    856 |    208 |   5 |  381.2 |
        Bazaar |    124 |    124 |      0 |      0 |     79 |   1 |  124.0 |
    Desolation |   1647 |   1647 |      0 |    416 |    558 |   1 | 1647.0 |
               +--------+--------+--------+--------+--------+-----+--------+

Top non-repeatable levels by time:
  Lair:5: 2574 daAuts
  Lair:1: 2530 daAuts
Spider:3: 2396 daAuts
  Lair:3: 2109 daAuts
  Lair:2: 2106 daAuts
Vaults:4: 2044 daAuts
Depths:3: 2029 daAuts
    D:14: 1918 daAuts
Vaults:1: 1911 daAuts
Vaults:2: 1895 daAuts
    D:13: 1875 daAuts
     D:4: 1853 daAuts
Depths:4: 1806 daAuts
   Elf:3: 1799 daAuts
Depths:2: 1724 daAuts
